 Dungeon Crawl Stone Soup version 0.23-a0-109-g5e4b187 (webtiles) character file.

15 Amnesiac the Gusty (level 2, -1/19 HPs)
             Began as a Mummy Air Elementalist on Aug 22, 2018.
             Slain by a centaur skeleton (6 damage)
             ... on level 4 of the Dungeon.
             The game lasted 00:02:01 (431 turns).

Amnesiac the Gusty (Mummy Air Elementalist)          Turns: 431, Time: 00:02:02

Health: -1/19      AC:  2    Str: 11    XL:     2   Next: 34%
Magic:  0/6        EV: 12    Int: 14    God:
Gold:   14         SH:  0    Dex: 12    Spells: 4/7 levels left

rFire    x . .     SeeInvis .   f - +0 trident
rCold    + . .     Gourm    .   (no shield)
rNeg     + + +     Faith    .   a - +0 robe
rPois    ∞         Spirit   .   (no helmet)
rElec    .         Reflect  .   (no cloak)
rCorr    .         Harm     .   (no gloves)
MR       +....                  (no boots)
Stlth    ++........             (no amulet)
HPRegen  0.06/turn              k - ring of protection from magic
MPRegen  0.10/turn              (no ring)

@: very slightly contaminated
A: no food or potions, fire vulnerability, cold resistance 1, negative energy
resistance 3, torment resistance, unbreathing
a: no special abilities


You were on level 4 of the Dungeon.
You were not hungry.

You visited 1 branch of the dungeon, and saw 4 of its levels.

You collected 14 gold pieces.

Inventory:

Hand Weapons
 f - a +0 trident (weapon)
Armour
 a - a +0 robe (worn)
Jewellery
 k - a ring of protection from magic (left hand)
Wands
 g - a wand of acid (12)
Scrolls
 b - 3 scrolls of magic mapping {!r, unknown}
 c - a scroll of fog {!r, unknown}
 d - 2 scrolls of identify {!r, unknown}
 e - a scroll of random uselessness {!r, unknown}
 h - a scroll of immolation {!r, unknown}
 i - a scroll of teleportation {!r, unknown}
 j - a scroll of remove curse {!r, unknown}


   Skills:
 - Level 1.5 Dodging
 - Level 1.5 Stealth
 + Level 3.0 Spellcasting
 - Level 0.7 Conjurations
 * Level 3.0 Air Magic


You had 4 spell levels left.
You knew the following spells:

 Your Spells              Type           Power        Failure   Level  Hunger
a - Shock                 Conj/Air       #...         10%         1    N/A
z - Swiftness             Chrm/Air       #.......     17%         2    N/A

Your spell library contained the following spells:

 Spells                   Type           Power        Failure   Level  Hunger
 Static Discharge         Conj/Air       #.......     30%         3    N/A
 Airstrike                Air            ##........   52%         4    N/A
 Lightning Bolt           Conj/Air       #.........   95%         5    N/A

Dungeon Overview and Level Annotations

Branches:
Dungeon (4/15)
 Temple: D:4-7

Altars:
Elyvilon


Innate Abilities, Weirdness & Mutations

You do not eat or drink.
Your flesh is vulnerable to fire.
You are immune to poison.
Your flesh is cold resistant. (rC+)
You are immune to negative energy. (rN+++)
You are immune to unholy pain and torment.
You can survive without breathing.


Message History

Casting: Shock (safe; 10% risk of failure)
Confirm with . or Enter, or press ? or * to list all spells.
Aiming: Shock (safe; 10% risk of failure)
Press: ? - help, Shift-Dir - straight line, f/p - quokka
Aim: a quokka (almost dead)
The zap hits the quokka.
You kill the quokka!
Your Spellcasting skill increases to level 3!
Found 22 arrows.
Found a ration.
A centaur skeleton comes into view.
Found a sapphire potion.
A centaur skeleton is nearby!
Casting: Shock (safe; 10% risk of failure)
Confirm with . or Enter, or press ? or * to list all spells.
Aiming: Shock (safe; 10% risk of failure)
Press: ? - help, Shift-Dir - straight line, f - centaur skeleton
Aim: a centaur skeleton The zap hits the centaur skeleton.
The centaur skeleton is lightly damaged.
Found a yellow potion, 36 stones and a battleaxe.
Casting: Shock (safe; 10% risk of failure)
Confirm with . or Enter, or press ? or * to list all spells.
Aiming: Shock (safe; 10% risk of failure)
Press: ? - help, Shift-Dir - straight line, f/p - centaur skeleton
Aim: a centaur skeleton (lightly damaged)
The zap hits the centaur skeleton.
The centaur skeleton is lightly damaged.
The centaur skeleton hits you. The centaur skeleton hits you!
Casting: Shock (safe; 10% risk of failure)
Confirm with . or Enter, or press ? or * to list all spells.
Aiming: Shock (safe; 10% risk of failure)
Press: ? - help, Shift-Dir - straight line, f/p - centaur skeleton
Aim: a centaur skeleton (lightly damaged)
You miscast Shock.
You are very lightly contaminated with residual magic.
Nothing appears to happen.
The centaur skeleton barely misses you.
Unknown command.
Casting: Shock (safe; 10% risk of failure)
Confirm with . or Enter, or press ? or * to list all spells.
Aiming: Shock (safe; 10% risk of failure)
Press: ? - help, Shift-Dir - straight line, f/p - centaur skeleton
Aim: a centaur skeleton (lightly damaged)
The zap hits the centaur skeleton.
The centaur skeleton is moderately damaged.
The zap hits the centaur skeleton.
The centaur skeleton is moderately damaged.
The centaur skeleton hits you.
* * * LOW HITPOINT WARNING * * *
The centaur skeleton hits you.
* * * LOW HITPOINT WARNING * * *
Unknown command.
Casting: Shock (safe; 10% risk of failure)
Confirm with . or Enter, or press ? or * to list all spells.
Aiming: Shock (safe; 10% risk of failure)
Press: ? - help, Shift-Dir - straight line, f/p - centaur skeleton
Aim: a centaur skeleton (moderately damaged)
The zap hits the centaur skeleton.
The centaur skeleton is moderately damaged.
The zap hits the centaur skeleton.
The centaur skeleton is heavily damaged.
The centaur skeleton hits you.
You die...

... ##Z####
##.........# .(.. #..#
##≈..♣..≈# !.... #.##
#≈≈...≈≈# ......#.#
###...###
........############.##
.............Z.......#
......#########..#####
...... ##.....## ......
#@Z##### ......####.##
...........# ########
.)....##..####......#
..........##......#
.......!......<...#
..........#..(....#
..................#
...........#......#


You could see a centaur skeleton.

Vanquished Creatures
  An adder skeleton (D:4)
  A giant cockroach (D:3)
  2 goblins
  2 hobgoblins (D:1)
  A quokka (D:4)
  2 bats
  A frilled lizard (D:1)
  A kobold (D:1)
11 creatures vanquished.

Notes
Turn   | Place    | Note
-------+----------+-------------------------------------------
     0 | D:1      | Amnesiac the Mummy Air Elementalist began the quest for the Orb.
     0 | D:1      | Reached XP level 1. HP: 13/13 MP: 4/4
   234 | D:3      | Reached XP level 2. HP: 19/19 MP: 2/5
   238 | D:3      | Learned a level 2 spell: Swiftness
   393 | D:4      | Found a white marble altar of Elyvilon.
   431 | D:4      | Slain by a centaur skeleton

Vault maps used:
D:1:      dpeg_arrival_orchard, minmay_tetromino_t2
D:2:      marbit_many_paths, grunt_decor_fettered, led_sif_pool
D:3:      nrook_mini_vaults, kennysheep_crisscross
D:4:      elyvilon_altar_4, tgw_trog, nicolae_qazlal_style_of_elements,
          minmay_surrounded, uniq_menkaure

Skill      XL: |  1  2 |
---------------+-------+-----
Air Magic      | 3 |  3.0
Spellcasting   | 3 |  3.0
Dodging        | |  1.5
Stealth        | |  1.5
Conjurations   | |  0.7

Action                   || total
-------------------------++-------
 Cast: Shock             ||    26
Armor: Robe              ||     1
Dodge: Dodged            ||     7

Table legend:
 A = Non-vault XP
 B = Vault XP
 C = Vault XP percentage of total XP
 D = Non-vault monster count
 E = Vault monster count
 F = Vault count percentage of total count
                 A         B        C        D         E       F
            +---------+---------+-------+---------+---------+-------
      Total |      20 |       2 |   9.1 |      10 |       1 |   9.1
            +---------+---------+-------+---------+---------+-------
        D:1 |       9 |       0 |   0.0 |       6 |       0 |   0.0
        D:2 |       2 |       0 |   0.0 |       1 |       0 |   0.0
        D:3 |       4 |       0 |   0.0 |       2 |       0 |   0.0
        D:4 |       5 |       2 |  28.6 |       1 |       1 |  50.0
            +---------+---------+-------+---------+---------+-------
